 Dungeon Crawl Stone Soup version 0.20.1-1-g8b1a95d (webtiles) character file.

137 Melbolja the Slasher (level 5, -13/45 HPs)
             Began as a Draconian Berserker on Oct 8, 2017.
             Was a Believer of Trog.
             Mangled by an ogre
             ... wielding a +0 giant spiked club
              (17 damage)
             ... on level 4 of the Dungeon.
             The game lasted 00:14:47 (2432 turns).

Melbolja the Slasher (Draconian Berserker)          Turns: 2432, Time: 00:14:47

Health: -13/45     AC:  5    Str: 26    XL:     5   Next: 0%
Magic:  5/5        EV: 10    Int:  7    God:    Trog [**....]
Gold:   188        SH:  9    Dex: 12    Spells: 4/4 levels left

rFire    . . .     SeeInvis .   a - +0 falchion
rCold    . . .     Gourm    .   c - +0 shield
rNeg     . . .     Faith    .   (armour unavailable)
rPois    .         Spirit   .   (helmet restricted)
rElec    .         Reflect  .   (no cloak)
rCorr    .         Harm     .   (no gloves)
MR       .....                  (no boots)
Stlth    +.........             t - amulet of regeneration
Regen    0.6/turn               e - +2 ring of dexterity
MPRegen  0.1/turn               (no ring)

@: mighty
A: unfitting armour, cold-blooded, AC +5
a: Berserk, Trog's Hand, Burn Spellbooks, Renounce Religion


You were on level 4 of the Dungeon.
You worshipped Trog.
Trog was pleased with you.
You were not hungry.

You visited 1 branch of the dungeon, and saw 4 of its levels.

You collected 188 gold pieces.

Inventory:

Hand Weapons
 a - a +0 falchion (weapon)
Missiles
 f - 34 sling bullets
 v - 2 tomahawks (quivered)
 y - 20 arrows
Armour
 c - a +0 shield (worn)
Jewellery
 e - a +2 ring of dexterity (left hand)
 t - an amulet of regeneration (around neck)
Wands
 q - a wand of scattershot (4/9)
Scrolls
 h - 7 scrolls of identify {unknown}
 i - 3 scrolls of teleportation {unknown}
 m - a scroll of noise {unknown}
 o - a scroll of blinking {unknown}
 r - a scroll of immolation {unknown}
 u - 2 scrolls of remove curse {unknown}
 w - a scroll of fog {unknown}
 x - a scroll of amnesia {unknown}
Potions
 g - 2 potions of might
 j - 3 potions of mutation {unknown}
 n - a potion of resistance {unknown}
 s - a potion of ambrosia {unknown}
Comestibles
 b - a bread ration
 d - 4 chunks of flesh
 k - 4 royal jellies
 l - 2 meat rations
 p - 4 fruits


   Skills:
 + Level 3.6 Fighting
 + Level 4.1 Long Blades
 + Level 0.1 Throwing
 * Level 3.4 Dodging
 - Level 0.4 Stealth
 * Level 2.1 Shields


You had 4 spell levels left.
You didn't know any spells.

Dungeon Overview and Level Annotations

Branches:
Dungeon (4/15)
 Temple: D:4-7

Altars:
Makhleb

Annotations:
D:4 archego's ghost, weakling HaEn


Innate Abilities, Weirdness & Mutations

Your plain brown scales are hard. (AC +5)
You cannot fit into any form of body armour.
You are cold-blooded and may be slowed by cold attacks.


Message History

You barely miss the ogre. You tail-slap the ogre.
The ogre is moderately wounded.
You hit the ogre.
The ogre is moderately wounded.
The ogre barely misses you.
Archego's ghost (weakling Halfling Enchanter) comes into view.
You hit the ogre.
The ogre is moderately wounded.
The ogre hits you with a giant spiked club!
The ogre hits you with a giant spiked club!!
* * * LOW HITPOINT WARNING * * *
It was a potion of might.
You feel very mighty all of a sudden.
You barely miss the ogre.
Your tail-slap misses the ogre.
The ogre is moderately wounded.
The ogre barely misses you.
You slash the ogre!
The ogre is severely wounded.
The ogre hits you with a giant spiked club!
You die...

#.### #.# #
# #.#
####(#####.#
#.#
...........#
#.# #.# #.#
#.# #.#
#.######.#
#...WO@..#
##########


You could see an ogre and archego's ghost.

Vanquished Creatures
  A worker ant (D:4)
  5 adders (D:3)
  A dart slug (D:3)
  2 leopard geckos
  3 orcs (D:3)
  2 ball pythons
  8 bats
  7 giant cockroaches
  4 goblins
  3 hobgoblins
  2 jackals (D:1)
  8 kobolds
  A quokka (D:2)
  6 frilled lizards
  16 rats
69 creatures vanquished.

Notes
Turn   | Place    | Note
-------+----------+-------------------------------------------
     0 | D:1      | Melbolja the Draconian Berserker began the quest for the Orb.
     0 | D:1      | Reached XP level 1. HP: 19/19 MP: 1/1
   120 | D:1      | Reached XP level 2. HP: 25/26 MP: 2/2
   958 | D:2      | Found a burning altar of Makhleb.
  1007 | D:2      | Reached XP level 3. HP: 31/31 MP: 3/3
  1185 | D:2      | Reached ** piety under Trog
  1626 | D:3      | Reached skill level 1 in Shields
  1767 | D:3      | Reached XP level 4. HP: 38/38 MP: 4/4
  2093 | D:3      | Reached skill level 4 in Long Blades
  2358 | D:4      | Reached XP level 5. HP: 34/45 MP: 5/5
  2417 | D:4      | Noticed an ogre
  2422 | D:4      | Noticed archego's ghost (weakling HaEn)
  2429 | D:4      | HP: 2/45 [ogre/giant spiked club (22)]
  2432 | D:4      | Mangled by an ogre

Skill      XL: |  1  2  3  4 |
---------------+-------------+-----
Dodging        | 3 |  3.4
Shields        | 1 2 |  2.1
Long Blades    | 4 |  4.1
Fighting       | |  3.6
Throwing       | |  0.1
Stealth        | |  0.4

Action                   |  1- 3 |  4- 6 || total
-------------------------+-------+-------++-------
Melee: Falchion          |   147 |    38 ||   185
       Tailslap          |    20 |     9 ||    29
Throw: Tomahawk          |     8 |    14 ||    22
  Use: Potion            |       |     1 ||     1
 Stab: Sleeping          |     4 |     2 ||     6
  Eat: Chunk             |     3 |     2 ||     5
Armor: Skin              |    50 |     9 ||    59
Dodge: Dodged            |    61 |    18 ||    79
Block: Shield            |    51 |    16 ||    67
       Rpst.: Falchion   |    15 |     5 ||    20
